Map: Cerulean Fall LE

Players

RedFlag - Winner!

  • Race: Terran Terran
  • League: Platinum
  • Spawn Location: 1:00

IHAVENONAME

  • Race: Zerg Zerg
  • League: Silver
  • Spawn Location: 7:00

VOD

Have the link to the VOD?

Description

Time

  • Played on: Nov. 26, 2018, 8:39 p.m.
  • Length: 15:12
Show
View Real Time Build Order
Export as new Build Order

RedFlag Terran - Winner!

Build Orders: Mech 

Get SALT Encoding   

  12  0:02  SCV  
  13  0:17  SCV  
  14  0:28  Supply Depot  
  14  0:29  SCV  
  15  0:38  Supply Depot  
  15  0:49  SCV  
  16  0:53  Barracks  
  16  0:59  Refinery  
  16  1:02  SCV  
  17  1:05  Refinery  
  17  1:14  SCV  
  18  1:26  SCV  
  19  1:38  SCV  
  20  1:47  Factory  
  20  1:49  Marine  
  20  1:52  Orbital Command  
  21  2:11  Barracks Reactor  
  21  2:19  SCV  
  21  2:20  Factory  
  22  2:32  Factory Tech Lab, SCV  
  22  2:37  Supply Depot  
  23  2:44  SCV  
  24  2:56  SCV  
  25  3:02  Widow Mine x2  
  25  3:03  Marauder  
  31  3:06  Factory Reactor  
  31  3:08  Supply Depot  
  32  3:19  Command Center  
  31  3:28  Widow Mine x2  
  35  3:35  SCV  
  36  3:49  Widow Mine x4  
  44  3:59  SCV  
  45  4:04  Supply Depot  
  45  4:10  Widow Mine  
  47  4:25  SCV  
  47  4:26  Widow Mine, Marauder  
  47  4:27  Engineering Bay  
  52  4:37  SCV  
  53  4:47  Supply Depot  
  53  4:52  SCV x2  
  55  5:04  SCV  
  55  5:05  Refinery  
  55  5:06  Orbital Command  
  56  5:07  Refinery  
  56  5:13  Widow Mine x2  
  56  5:14  Widow Mine x2  
  64  5:15  Marauder  
  64  5:19  Factory  
  66  5:26  SCV  
  67  5:31  Concussive Shells  
  67  5:33  SCV  
  68  5:39  SCV  
  69  5:45  SCV  
  70  5:51  Bunker  
  47  6:13  SCV x2  
  47  6:17  Widow Mine x3  
  47  6:18  Widow Mine  
  55  6:26  Factory Tech Lab  
  55  6:31  Starport  
  55  6:32  Armory, SCV x2  
  57  6:40  Command Center  
  57  6:42  Armory  
  57  6:43  Widow Mine x3  
  57  6:44  Widow Mine, SCV x2  
  69  6:50  Missile Turret  
  69  6:56  SCV x2  
  69  6:58  Siege Tank  
  69  6:59  Marauder  
  74  7:07  Starport Reactor  
  74  7:08  SCV  
  75  7:18  Missile Turret  
  75  7:19  Hellion  
  75  7:22  Infernal Pre-Igniter  
  77  7:24  Terran Vehicle And Ship Armor Level 1  
  77  7:27  Terran Infantry Armor Level 1  
  77  7:29  Terran Vehicle Weapons Level 1  
  77  7:33  Engineering Bay  
  77  7:36  Missile Turret  
  77  7:42  Missile Turret  
  77  7:43  Missile Turret  
  77  7:47  Missile Turret  
  77  7:51  Liberator  
  77  7:52  Hellion x3, Marauder  
  77  7:54  SCV x2  
  77  7:55  Siege Tank  
  77  7:58  Widow Mine, Missile Turret  
  92  8:05  Orbital Command  
  92  8:11  Supply Depot  
  94  8:13  Widow Mine  
  94  8:15  Missile Turret  
  95  8:32  Missile Turret  
  95  8:44  Orbital Command  
  95  8:56  Hellion x4  
  95  8:57  Siege Tank  
  95  9:00  Marauder  
  97  9:25  Hellion x4  
  93  9:40  Missile Turret  
  93  9:42  Missile Turret  
  93  9:44  Missile Turret  
  93  9:46  Missile Turret  
  93  9:50  Missile Turret  
  93  9:52  Widow Mine  
  101  9:53  Widow Mine x4, Missile Turret  
  103  10:14  Widow Mine  
  97  11:01  Missile Turret  
  95  11:15  Viking  
  95  11:16  Viking  
  95  11:17  Hellion x2  
  95  11:18  Hellion x3  
  99  11:31  SCV  
  100  11:33  Drilling Claws  
  100  11:36  Terran Vehicle And Ship Armor Level 2  
  100  11:37  Terran Vehicle Weapons Level 2  
  100  11:40  Terran Infantry Weapons Level 1  
  100  11:41  Terran Infantry Armor Level 2  
  100  11:42  Marine  
  101  11:51  Barracks x2  
  101  11:53  Barracks  
  101  12:00  Marauder  
  97  12:03  Hellion x2  
  97  12:04  Hellion x3  
  107  12:09  Refinery  
  107  12:13  Refinery  
  107  12:21  Viking x2  
  111  12:25  Hellion  
  111  12:44  Marine x2, Widow Mine x4  
  110  12:45  Marine  
  110  12:46  Marauder  
  113  13:02  Marine x2  
  113  13:03  Marine  
  110  13:07  Marine  
  110  13:09  Widow Mine x4  
  110  13:10  Widow Mine  
  113  13:18  Viking x2  
  117  13:43  Marine x2  
  117  13:44  Marine x2, Widow Mine  
  117  13:45  Widow Mine  
  117  13:48  Viking x2  
  111  13:56  Missile Turret x2  
  111  13:57  Missile Turret x2  
  111  14:00  Marine x2  
  111  14:02  Marine x2  
  115  14:18  Viking  
  117  14:25  Marine, Widow Mine x2  
  117  14:48  Marine x2  
  117  14:49  Marine x2, Widow Mine x2, SCV x2  
  117  14:50  Widow Mine x2  
Show
View Real Time Build Order
Export as new Build Order

IHAVENONAME Zerg 

Build Orders: Hatch First 

Get SALT Encoding   

  12  0:01  Drone  
  13  0:07  Drone  
  14  0:17  Overlord  
  14  0:35  Drone x3  
  17  0:54  Hatchery  
  16  1:00  Drone  
  16  1:01  Drone  
  18  1:10  Extractor  
  17  1:13  Drone  
  18  1:20  Spawning Pool  
  18  1:24  Drone  
  18  1:31  Drone  
  19  1:41  Drone  
  20  1:51  Overlord  
  20  2:07  Queen  
  20  2:08  Queen  
  22  2:11  Drone x2  
  22  2:14  Metabolic Boost  
  26  2:17  Drone  
  27  2:24  Zergling x4  
  27  2:28  Drone  
  30  2:34  Zergling x2  
  31  2:38  Evolution Chamber  
  30  2:44  Roach Warren  
  30  2:49  Drone x2  
  31  2:56  Queen  
  34  2:58  Drone  
  34  3:03  Overlord  
  34  3:11  Drone x2  
  36  3:17  Overlord  
  36  3:27  Lair  
  36  3:29  Roach x2  
  40  3:38  Drone  
  40  3:39  Drone x3  
  44  3:46  Extractor  
  45  3:55  Roach  
  45  3:56  Roach x3  
  45  3:57  Overlord  
  51  4:13  Drone  
  51  4:14  Overlord x2  
  51  4:15  Overlord  
  52  4:23  Drone x2  
  52  4:24  Drone  
  55  4:34  Hydralisk Den  
  54  4:47  Extractor  
  54  4:49  Drone x4, Extractor  
  54  4:50  Roach x4  
  57  5:16  Drone x7  
  66  5:35  Roach  
  66  5:36  Roach x2  
  66  5:38  Glial Reconstitution  
  66  5:40  Hatchery  
  69  5:43  Spire  
  68  6:10  Zergling x2  
  68  6:11  Zergling x12  
  65  6:23  Drone x4  
  69  6:26  Grooved Spines  
  69  6:31  Lair  
  69  6:36  Zerg Ground Armor Level 1  
  69  6:44  Zergling x6  
  72  6:57  Tunneling Claws  
  73  7:01  Drone  
  73  7:02  Drone x6  
  73  7:03  Queen  
  81  7:14  Mutalisk  
  81  7:15  Mutalisk x3  
  82  7:32  Drone x3  
  82  7:33  Drone, Extractor x2  
  84  7:38  Queen, Muscular Augments  
  84  7:40  Mutalisk  
  84  7:41  Mutalisk  
  84  7:43  Overlord  
  90  7:53  Overlord x4  
  90  8:03  Mutalisk x3  
  90  8:04  Mutalisk  
  94  8:28  Drone x4  
  94  8:29  Drone x6  
  94  8:30  Zerg Missile Weapons Level 1  
  104  8:40  Mutalisk  
  104  8:41  Mutalisk x2  
  110  8:50  Zergling x2  
  110  8:51  Zergling x2  
  112  8:59  Infestation Pit  
  111  9:03  Zergling x2  
  111  9:04  Zergling x16  
  101  9:24  Mutalisk x2  
  101  9:25  Mutalisk x5  
  115  9:31  Zerg Flyer Weapons Level 1  
  115  9:36  Overlord x2  
  115  9:37  Overlord x2  
  116  9:38  Zergling x2  
  116  9:39  Zergling x6  
  117  10:04  Hatchery  
  114  10:15  Hive  
  116  10:28  Roach  
  116  10:29  Roach x8  
  116  10:30  Roach x8  
  137  11:01  Mutalisk  
  137  11:02  Mutalisk x7  
  112  11:38  Drone x2  
  112  11:39  Drone x6  
  121  11:40  Drone x2  
  122  11:50  Greater Spire  
  92  12:03  Mutalisk x3  
  92  12:04  Mutalisk x7  
  112  12:15  Extractor  
  111  12:17  Extractor  
  111  12:19  Zergling x8  
  111  12:20  Zergling x8  
  118  12:28  Drone x4  
  118  12:29  Drone x5  
  128  12:44  Zergling x10  
  128  12:45  Zergling x4  
  105  13:07  Mutalisk x2  
  105  13:08  Mutalisk x6  
  105  13:11  Queen  
  103  13:36  Overlord x4  
  103  13:37  Overlord x3  
  99  14:02  Overlord x5  
  91  14:19  Drone x6  
  97  14:29  Queen  
  65  14:40  Drone x4  
  65  14:41  Drone x7  
Tags
 
Composition
Mech
Matchup
TvZ
Spawn Locations
Cross Positions
Add a new tag
Caveats
  • Supply blocks, unpowered buildings, or Contaminate may cause inaccurate times.
  • Supply counts are checked every 10 seconds.